 Dungeon Crawl Stone Soup version 0.19.4 (webtiles) character file.

3236 sankara the Basher (level 9, -6/75 HPs)
             Began as a Minotaur Fighter on Feb 5, 2017.
             Was a Believer of Okawaru.
             Mangled by a hornet (11 damage)
             ... on level 8 of the Dungeon.
             The game lasted 00:21:30 (7224 turns).

sankara the Basher (Minotaur Fighter)               Turns: 7224, Time: 00:21:30

Health: -6/75      AC: 16    Str: 24      XL:     9   Next: 66%
Magic:  8/8        EV:  5    Int:  6 (7)  God:    Okawaru [**....]
Gold:   353        SH: 10    Dex: 13      Spells: 0 memorised, 8 levels left

rFire  . . .     SeeInvis .     a - +0 flail
rCold  + . .     Gourm    .     p - +0 plate armour
rNeg   . . .     Faith    .     c - +0 shield
rPois  .         Spirit   .     (helmet restricted)
rElec  .         Reflect  .     x - +2 cloak
rCorr  .         Harm     .     D - +2 pair of gloves
MR     .....     Rnd*Rage +     I - +2 pair of boots
Stlth  ..........               (no amulet)
                                (no ring)
                                (no ring)

@: mighty, lethally poisoned (-6 -> -9), slowed, very slow
A: retaliatory headbutt, horns 2, berserk 1, clever 1, cold resistance 1,
deformed body, deterioration 1, low mp 1, weak 1
a: Heroism, Renounce Religion


You were on level 8 of the Dungeon.
You worshipped Okawaru.
Okawaru was pleased with you.
You were not hungry.

You visited 2 branches of the dungeon, and saw 9 of its levels.

You collected 448 gold pieces.
You spent 95 gold pieces at shops.

Inventory:

Hand Weapons
 a - a +0 flail (weapon)
 l - a +0 morningstar
 y - a +2 war axe of chopping
Missiles
 A - 2 tomahawks (quivered)
Armour
 c - a +0 shield (worn)
 p - a +0 plate armour (worn)
 x - a +2 cloak (worn)
 D - a +2 pair of gloves (worn)
 I - a +2 pair of boots (worn)
Wands
 F - a wand of lightning (8/15)
 G - a wand of lightning (12/15)
Scrolls
 e - 7 scrolls of identify
 o - 2 scrolls of remove curse
 r - 4 scrolls of teleportation
 s - a scroll of magic mapping {unknown}
 t - 2 scrolls of immolation {unknown}
 v - 4 scrolls of fear {unknown}
 z - 4 scrolls of enchant weapon {unknown}
 B - a scroll of recharging
 C - 2 scrolls of amnesia
Potions
 b - a potion of lignification
 g - 2 potions of flight
 j - 4 potions of ambrosia
 m - a potion of agility
Books
 n - a book of Air

   Spells                             Type                      Level
   a - Shock                          Conjuration/Air              1
   b - Swiftness                      Charms/Air                   2
   c - Repel Missiles                 Charms/Air                   2
   d - Static Discharge               Conjuration/Air              3
   e - Lightning Bolt                 Conjuration/Air              5
Comestibles
 f - 9 bread rations
 h - 2 meat rations
 i - 2 royal jellies
 k - a beef jerky
 E - 3 fruits
 H - 7 chunks of flesh


   Skills:
 * Level 5.9 Fighting
 - Level 14.0 Maces & Flails
 + Level 5.0 Armour
 + Level 2.5 Dodging
 - Level 3.6 Shields
 + Level 2.2 Invocations


You had 8 spell levels left.
You didn't know any spells.

Dungeon Overview and Level Annotations

Branches:
Dungeon (8/15)             Temple (1/1) D:6
   Lair: D:8-11

Altars:
Cheibriados
Dithmenos
Elyvilon
Fedhas
Gozag
Hepliaklqana
Kikubaaqudgha
Nemelex Xobeh
Okawaru
Qazlal
Ru
Sif Muna
Trog
Uskayaw
Vehumet
Xom
Yredelemnul
Zin
The Shining One

Shops:
D:6 ?


Innate Abilities, Weirdness & Mutations

You reflexively headbutt those who attack you in melee.
You have a pair of horns on your head.
You tend to lose your temper in combat.
Your mind is acute. (Int +2)
Your flesh is cold resistant. (rC+)
Armour fits poorly on your strangely shaped body.
Your body sometimes deteriorates upon taking damage.
Your magical capacity is low. (-10% MP)
You are weak. (Str -2)


Message History

You feel as though you will be slow longer.
You block the hornet's attack.
You feel better.
The hornet stings you but does no damage.
You block the hornet's attack. The hornet stings you!
* * * LOW HITPOINT WARNING * * *
You are lethally poisoned!
You feel as though you will be slow longer.
You feel much better.
You feel sick. You block the hornet's attack. x2
You miss the hornet. Your headbutt misses the hornet.
The hornet is heavily wounded.
The hornet stings you!
* * * LOW HITPOINT WARNING * * *
You suddenly lose the ability to move!
You can move again.
Your shield and plate armour prevent you from hitting the hornet.
You headbutt the hornet!
The hornet is severely wounded.
You feel sick. You block the hornet's attack. The hornet stings you!
You die...

[#.####........###.# #####
((((...#####.##....# ##..>##
##.##).# #.##.##.# ##.###.##
######## #.......# #..# #...
......### ####<##.# #..###.##
......'_# #......# ####.#....##
......### ###.##...........#.##
####### #.## ######.####.# #...#
#.#@#.######.####.#
###...#######.#y##.............#
............##.# #.##......#####
............#.# #.........#
............## ##..#......# #
###...######.# #..##......# ##
#...# #.# #..##.###### #. #...#
######.....# #. #...#
#.##.#.#### #.


You could see a hornet.

Vanquished Creatures
  Joseph (D:7)
  A hornet (D:8)
  Grinder (D:4)
  2 hippogriffs
  Sigmund (D:6)
  2 orc warriors (D:7)
  A phantom (D:8)
  An ice beast (D:5)
  A sky beast (D:5)
  The ghost of Tramtrist the Bolt Thrower, an amateur CeHu (D:3)
  2 centaurs
  3 bullfrogs
  3 killer bees (D:6)
  A howler monkey (D:3)
  A centaur zombie (D:5)
  2 jellies (D:5)
  3 hounds
  A bullfrog skeleton (D:5)
  2 iguanas
  7 worker ants
  9 orc wizards
  A statue (D:4)
  A killer bee zombie (D:5)
  A hound skeleton (D:7)
  A gnoll (D:1)
  11 adders
  A shadow imp (D:7)
  2 oozes
  An adder skeleton (D:7)
  4 worms
  8 leopard geckos
  20 orcs
  A ball python (D:4)
  3 giant cockroaches
  10 goblins
  9 hobgoblins
  10 jackals
  12 kobolds
  2 quokkas
  5 bats
  5 frilled lizards
  A jackal zombie (D:8)
  8 rats
163 creatures vanquished.

Notes
Turn   | Place    | Note
-------+----------+-------------------------------------------
     0 | D:1      | sankara the Minotaur Fighter began the quest for the Orb.
     0 | D:1      | Reached XP level 1. HP: 19/19 MP: 0/0
    98 | D:1      | Reached skill level 3 in Maces & Flails
   118 | D:1      | Reached XP level 2. HP: 25/27 MP: 1/1
   214 | D:1      | Reached XP level 3. HP: 33/33 MP: 2/2
   237 | D:1      | Reached skill level 4 in Maces & Flails
  1037 | D:2      | Reached XP level 4. HP: 35/40 MP: 3/3
  1093 | D:2      | Reached skill level 5 in Maces & Flails
  1633 | D:3      | Noticed Tramtrist's ghost (amateur CeHu)
  1648 | D:3      | Killed Tramtrist's ghost
  1648 | D:3      | Reached skill level 6 in Maces & Flails
  1648 | D:3      | Reached XP level 5. HP: 15/46 MP: 4/4
  1651 | D:3      | Found a faded altar of an unknown god.
  1794 | D:3      | Reached skill level 7 in Maces & Flails
  1862 | D:3      | Found a bloodstained altar of Trog.
  1924 | D:3      | Reached XP level 6. HP: 26/52 MP: 5/5
  2511 | D:4      | Found a radiant altar of Vehumet.
  2520 | D:4      | Reached skill level 8 in Maces & Flails
  2861 | D:4      | Noticed Grinder
  2862 | D:4      | Paralysed by Grinder for 7 turns
  2873 | D:4      | Paralysed by Grinder for 3 turns
  2882 | D:4      | Paralysed by Grinder for 7 turns
  2901 | D:4      | Paralysed by Grinder for 4 turns
  2910 | D:4      | Paralysed by Grinder for 2 turns
  2917 | D:4      | Killed Grinder
  2917 | D:4      | Reached skill level 9 in Maces & Flails
  2917 | D:4      | Reached XP level 7. HP: 23/59 MP: 6/6
  3085 | D:5      | Entered Level 5 of the Dungeon
  3127 | D:5      | Reached skill level 10 in Maces & Flails
  3132 | D:5      | Gained mutation: You are weak. (Str -2) [mutagenic meat]
  3133 | D:5      | Gained mutation: Your magical capacity is low. (-10% MP) [mutagenic meat]
  3136 | D:5      | Gained mutation: Your body sometimes deteriorates upon taking damage. [potion of mutation]
  3136 | D:5      | Gained mutation: Your flesh is cold resistant. (rC+) [potion of mutation]
  3173 | D:5      | Gained mutation: Your mind is acute. (Int +2) [potion of mutation]
  3173 | D:5      | Gained mutation: You tend to lose your temper in combat. [potion of mutation]
  3173 | D:5      | Gained mutation: Armour fits poorly on your strangely shaped body. [potion of mutation]
  3405 | D:5      | Reached skill level 11 in Maces & Flails
  3470 | D:5      | Reached XP level 8. HP: 63/66 MP: 6/6
  4056 | D:6      | Found Zafir Ipn's Magic Scroll Emporium.
  4057 | D:6      | Noticed Sigmund
  4096 | D:6      | Killed Sigmund
  4096 | D:6      | Reached skill level 12 in Maces & Flails
  4137 | D:6      | Bought a scroll of recharging for 95 gold pieces
  4147 | D:6      | Found a staircase to the Ecumenical Temple.
  4178 | Temple   | Entered the Ecumenical Temple
  4376 | Temple   | Became a worshipper of Warmaster Okawaru
  4413 | D:6      | Found a hide-covered altar of Uskayaw.
  4413 | D:6      | Noticed a hand axe
  4414 | D:6      | Noticed a dagger
  4433 | D:6      | Found a sparkling altar of Nemelex Xobeh.
  4462 | D:6      | Found a hazy altar of Hepliaklqana.
  4715 | D:6      | Found a sacrificial altar of Ru.
  4946 | D:6      | Found a glowing silver altar of Zin.
  4946 | D:6      | Found an opulent altar of Gozag.
  5163 | D:7      | Reached skill level 13 in Maces & Flails
  5175 | D:7      | Reached * piety under Okawaru
  5609 | D:7      | Noticed Joseph
  5627 | D:7      | Killed Joseph
  5627 | D:7      | Reached XP level 9. HP: 24/71 MP: 7/7
  5809 | D:7      | Reached skill level 14 in Maces & Flails
  6104 | D:7      | Reached ** piety under Okawaru
  6104 | D:7      | Reached skill level 1 in Invocations
  6673 | D:8      | Reached skill level 5 in Fighting
  6673 | D:8      | Reached skill level 1 in Dodging
  6805 | D:8      | Found a shimmering altar of Xom.
  6953 | D:8      | Found a deep blue altar of Sif Muna.
  7194 | D:8      | Paralysed by a hornet for 2 turns
  7203 | D:8      | Reached skill level 5 in Armour
  7213 | D:8      | Paralysed by a hornet for 2 turns
  7218 | D:8      | Paralysed by a hornet for 2 turns
  7223 | D:8      | Paralysed by a hornet for 1 turns
  7224 | D:8      | Mangled by a hornet

Skill      XL: |  1  2  3  4  5  6  7  8  9 |
---------------+----------------------------+-----
Maces & Flails | 3 4 6 7 9 11 13 14 | 14.0
Fighting       | 4 5 |  5.9
Armour         | 5 |  5.0
Invocations    | 2 |  2.2
Dodging        | 2 |  2.5
Shields        | |  3.6

Action                   |  1- 3 |  4- 6 |  7- 9 || total
-------------------------+-------+-------+-------++-------
Melee: Flail             |    72 |   216 |   376 ||   664
       Headbutt          |    15 |    41 |    70 ||   126
  Use: Scroll            |     2 |       |     3 ||     5
       Potion            |       |     5 |    11 ||    16
  Eat: Chunk             |       |     7 |    16 ||    23
Armor: Scale mail        |    31 |     6 |       ||    37
       Plate armour      |       |   160 |   146 ||   306
       Skin              |       |     4 |       ||     4
Dodge: Dodged            |    17 |    24 |    34 ||    75
Block: Shield            |    40 |    86 |   126 ||   252
